 Dungeon Crawl Stone Soup version 0.19.1 (webtiles) character file.

146757 Host24 the Sniper (level 18, -30/125 HPs)
             Began as a Kobold Hunter on Jan 26, 2017.
             Was the Champion of Okawaru.
             Killed from afar by Mara (56 damage)
             ... with a bolt of fire
             ... on level 3 of the Shoals.
             The game lasted 02:32:44 (38286 turns).

Host24 the Sniper (Kobold Hunter)                  Turns: 38286, Time: 02:32:45

Health: -30/125    AC: 22    Str:  8    XL:     18   Next: 7%
Magic:  21/24      EV: 33    Int: 12    God:    Okawaru [******]
Gold:   2720       SH:  0    Dex: 27    Spells: 0 memorised, 17 levels left

rFire  . . .     SeeInvis +     z - +5 arbalest (velocity)
rCold  . . .     Gourm    .     x - +8 ring mail of Sastruk {Str-4 Dex+3 Slay+3 SInv}
rNeg   . . .     Faith    .     (shield currently unavailable)
rPois  .         Spirit   .     s - +1 helmet
rElec  .         Reflect  .     K - +0 cloak {MR+}
rCorr  .         Harm     .     E - +0 pair of gloves
MR     +++..                    g - +0 pair of boots
Stlth  ++........               w - amulet of regeneration
                                W - ring of protection from magic
                                p - +3 ring of dexterity

@: about to teleport, heroism, finesse
A: carnivore 3
a: Heroism, Finesse, Renounce Religion


You were on level 3 of the Shoals.
You worshipped Okawaru.
Okawaru was exalted by your worship.
You were completely stuffed.

You visited 7 branches of the dungeon, and saw 29 of its levels.

You collected 2720 gold pieces.

Inventory:

Hand Weapons
 h - the +6 spear of Hirompan {pierce, Str+2 Int+4}
   (You found it on level 9 of the Dungeon)

   It inflicts extra damage upon your enemies.
   It affects your strength (+2).
   It affects your intelligence (+4).
 q - a +2 triple crossbow of flaming
 z - a +5 arbalest of velocity (weapon)
Missiles
 c - 39 sling bullets
 d - 368 bolts (quivered)
 e - 2 curare-tipped needles
 j - 59 stones
 l - 4 poisoned tomahawks
 m - 5 tomahawks
 A - 15 poisoned needles
Armour
 g - a +0 pair of boots (worn)
 n - the +5 robe of Night {Dark MR+ SInv}
   (You found it on level 2 of the Shoals)

   It affects your resistance to hostile enchantments.
   It lets you see invisible.
 s - a +1 helmet (worn)
 t - the +1 scale mail of the Frog {rN+}
   (You found it on level 2 of the Shoals)

   It protects you from negative energy.
 x - the +8 ring mail of Sastruk (worn) {Str-4 Dex+3 Slay+3 SInv}
   (You found it on level 10 of the Dungeon)

   It affects your strength (-4).
   It affects your dexterity (+3).
   It affects your accuracy and damage with ranged weapons and melee attacks
   (+3).
   It lets you see invisible.
 E - a +0 pair of gloves (worn)
 K - a +0 cloak of magic resistance (worn)
Jewellery
 o - an uncursed ring of positive energy
 p - a +3 ring of dexterity (left hand)
 w - an amulet of regeneration (around neck)
 I - an uncursed ring of poison resistance
 N - an uncursed ring of protection from fire
 W - a ring of protection from magic (right hand)
Wands
 i - a wand of paralysis (4/24)
 L - a wand of teleportation (4/9)
 Q - a wand of teleportation (4/9)
Scrolls
 a - 5 scrolls of identify
 u - 4 scrolls of teleportation
 y - 2 scrolls of fear
 D - 2 scrolls of magic mapping
Potions
 b - a potion of cancellation
 k - 2 potions of berserk rage
 v - a potion of haste
 J - a potion of resistance
 T - a potion of flight
 V - 3 potions of curing
 Z - a potion of agility
Miscellaneous
 r - a disc of storms
Comestibles
 f - 14 meat rations
 B - a chunk of flesh


   Skills:
 - Level 18.0(23.0) Fighting
 - Level 21.0(26.0) Crossbows
 - Level 5.3(10.3) Armour
 + Level 17.0(22.0) Dodging
 - Level 1.3(6.3) Stealth
 - Level 8.0 Invocations


You had 17 spell levels left.
You didn't know any spells.

Dungeon Overview and Level Annotations

Branches:
Dungeon (15/15)            Temple (1/1) D:5            Lair (6/6) D:8
 Shoals (3/4) Lair:4       Spider (1/4) Lair:3        Slime (0/5) Lair:6
    Orc (2/2) D:12            Elf (1/3) Orc:2        Vaults (0/5) D:13
 Depths (0/5) D:15

Altars:
Ashenzari
Cheibriados
Dithmenos
Fedhas
Gozag
Hepliaklqana
Kikubaaqudgha
Nemelex Xobeh
Okawaru
Qazlal
Ru
Sif Muna
Trog
Uskayaw
Vehumet
Xom
Yredelemnul
Zin
The Shining One
Beogh
Jiyva

Shops:
D:6 =   Orc:2 !![:   Shoals:2 (

Portals:
Pandemonium: Orc:2

Annotations:
D:3 Host24's ghost, amateur KoHu
D:12 Pelerin's ghost, journeyman MiFi
Lair:6 2 runed doors
Shoals:3 Mara


Innate Abilities, Weirdness & Mutations

You are small and have problems with some larger weapons.
You are carnivorous and can eat meat at any time.


Message History

A cyclops comes into view.
The cyclops shouts!
A dream sheep comes into view.
The dream sheep bleats!
A water elemental, Mara and a dream sheep come into view.
Mara is wielding a demon trident of electrocution.
Okay, then.
Unknown command.
Okay, then.
As you read the scroll of teleportation, it crumbles to dust.
You feel strangely unstable.
The dream sheep shake their wool and sparkle.
You feel drowsy...
You fall asleep.
The cyclops throws a large rock.
The large rock completely misses you.
You hear a splash.
The cyclops throws a large rock.
The large rock completely misses you.
You hear a splash.
Mara gestures at you. The bolt of fire hits you!
You wake up.
You die...

≈≈≈≈≈.≈......≈≈
≈≈..≈≈....≈≈≈≈≈
≈≈..≈≈....≈≈≈≈≈
≈..≈≈≈≈≈.≈≈≈≈≈≈
≈≈≈≈≈≈≈≈≈≈≈≈≈≈≈
≈≈≈≈≈≈≈≈≈≈≈≈.≈≈
≈≈≈≈≈≈≈≈≈≈≈....
≈≈≈≈≈≈≈@≈≈≈Y≈.≈
≈≈≈≈≈≈≈E§≈≈≈≈≈≈
≈≈≈≈≈≈YY≈§≈≈≈≈≈
≈≈≈≈≈..Y≈§≈≈≈≈≈
≈..#.....CR≈≈≈.
≈. #.....≈≈≈...
≈ #...........
#...........


You could see Mara, a cyclops, a water elemental and 4 dream sheep.

Vanquished Creatures
  Saint Roka (Orc:1)
  Donald (Shoals:1)
  A deep elf elementalist (Elf:1)
  A merfolk javelineer (Shoals:1)
  The ghost of Host24 the Fighter, a journeyman KoHu of Okawaru (Lair:1)
  A merfolk impaler (Shoals:2)
  Fannar (Lair:2)
  A vault guard (D:13)
  7 hydras
  A catoblepas (Lair:6)
  5 centaur warriors
  A merfolk avatar (Shoals:2)
  3 dancing weapons (Elf:1)
  A tengu warrior (D:14)
  7 orc high priests (Orc:2)
  9 deep elf knights
  5 skeletal warriors (D:14)
  An unseen horror (D:14)
  3 sea snakes
  A torturous demonspawn (Orc:2)
  Pikel (D:7)
  12 hill giants
  A gelid demonspawn (Orc:2)
  2 deep elf archers (Elf:1)
  24 deep elf magi
  6 orc knights
  A lindwurm (Lair:6)
  15 harpies
  7 ugly things
  A necromancer (D:15)
  10 manticores
  5 fauns
  4 cyclopes
  9 orc sorcerers
  A wolf spider (Lair:3)
  7 black mambas
  Maurice (D:11)
  2 centaur zombies
  3 water nymphs
  4 sirens
  A torpor snail (Lair:6)
  3 naga magi (D:15)
  2 gargoyles
  11 spiny frogs
  3 molten gargoyles (Lair:6)
  A demonic crawler (Lair:3)
  A kobold demonologist (D:14)
  5 yaktaurs (D:15)
  8 rime drakes
  13 komodo dragons
  A redback zombie (D:15)
  A hellwing (Orc:2)
  8 merfolk
  A wind drake (shapeshifter) (Elf:1)
  2 jumping spiders (Lair:3)
  A hornet (D:13)
  3 trolls
  4 two-headed ogres
  2 harpy skeletons (D:15)
  2 wind drakes
  5 snapping turtles
  23 blink frogs
  9 slime creatures
  14 hippogriffs
  A spriggan (D:7)
  A centaur simulacrum (D:15)
  4 air elementals (Elf:1)
  A spriggan (shapeshifter) (D:14)
  3 shadows
  3 water elementals
  11 wyverns
  A ynoxinul (Orc:2)
  A wraith (D:15)
  Eustachio (D:5)
  A fire elemental (Elf:1)
  A golden eye (shapeshifter) (D:14)
  2 hungry ghosts
  15 basilisks
  A steam dragon (Lair:6)
  38 yaks
  A chaos spawn (Orc:2)
  9 vampire mosquitoes
  7 swamp worms (Lair:2)
  Menkaure (D:7)
  6 mottled dragons
  2 wargs (Orc:2)
  3 hell hounds (Lair:6)
  11 water moccasins
  11 porcupines
  2 hornet zombies
  5 sky beasts
  2 ice beasts
  14 ogres
  A black bear (D:13)
  5 necrophages (Lair:5)
  48 orc warriors
  A sky beast (shapeshifter) (Elf:1)
  3 phantoms
  25 wolves
  18 centaurs
  12 crocodiles
  2 big kobolds
  15 bullfrogs
  An earth elemental (Elf:1)
  2 scorpions
  16 killer bees
  2 howler monkeys
  17 wights
  A vampire bat (D:7)
  3 electric eels (D:12)
  7 crimson imps
  5 lava snakes (Lair:6)
  A wyvern simulacrum (D:14)
  7 hounds
  A bullfrog zombie (D:6)
  28 orc priests
  3 jellies
  16 orc wizards
  6 centaur skeletons
  7 iguanas
  4 worker ants
  12 hell rats (Lair:5)
  A killer bee zombie (D:7)
  3 hound skeletons
  A worker ant zombie (D:9)
  A howler monkey skeleton (D:4)
  15 river rats (Lair:5)
  10 adders
  7 gnolls
  4 shadow imps
  4 oozes
  3 adder skeletons
  12 worms
  3 dart slugs
  5 leopard geckos
  108 orcs
  4 ball pythons
  6 giant cockroaches
  8 goblins
  7 hobgoblins
  11 jackals
  4 quokkas
  15 bats
  8 frilled lizards
  13 kobolds
  A quokka skeleton (D:5)
  19 rats
  A fungus (Lair:6)
  2 plants
  A tentacle (Shoals:3)
997 creatures vanquished.

Vanquished Creatures (others)
  A deep elf knight (Elf:1)
  A spiny frog (Lair:6)
  4 slaves (D:7)
  A bullfrog (D:7)
  An orc priest (D:7)
  A jelly (D:7)
  An orc (D:7)
  23 fungi
  14 plants
  11 tentacles (Shoals:3)
58 creatures vanquished.

Grand Total: 1055 creatures vanquished

Notes
Turn   | Place    | Note
-------+----------+-------------------------------------------
     0 | D:1      | Host24 the Kobold Hunter began the quest for the Orb.
     0 | D:1      | Reached XP level 1. HP: 12/12 MP: 1/1
   140 | D:1      | Reached XP level 2. HP: 15/18 MP: 2/2
   349 | D:1      | Reached skill level 5 in Crossbows
   601 | D:1      | Reached XP level 3. HP: 20/23 MP: 3/3
  1279 | D:2      | Reached XP level 4. HP: 29/29 MP: 4/4
  1333 | D:2      | Found a basalt altar of Yredelemnul.
  1486 | D:2      | Found a deep blue altar of Sif Muna.
  1512 | D:2      | Found a faded altar of an unknown god.
  1581 | D:2      | Reached XP level 5. HP: 24/34 MP: 5/5
  1604 | D:2      | Found a shattered altar of Ashenzari.
  1848 | D:2      | Reached skill level 5 in Fighting
  2259 | D:3      | Noticed Host24's ghost (amateur KoHu)
  2838 | D:3      | Found a radiant altar of Vehumet.
  3410 | D:4      | Reached XP level 6. HP: 24/40 MP: 6/6
  3578 | D:4      | Reached skill level 5 in Dodging
  3796 | D:4      | Noticed a phantom
  4005 | D:4      | Killed a phantom
  4065 | D:4      | Reached XP level 7. HP: 29/46 MP: 7/7
  5290 | D:4      | Found a stormy altar of Qazlal.
  5447 | D:5      | Entered Level 5 of the Dungeon
  5747 | D:5      | Reached XP level 8. HP: 50/54 MP: 8/8
  5751 | D:5      | Noticed Eustachio
  5760 | D:5      | Killed Eustachio
  5760 | D:5      | Reached skill level 6 in Crossbows
  5781 | D:5      | Found a hazy altar of Hepliaklqana.
  5796 | D:5      | Found an ancient bone altar of Kikubaaqudgha.
  5917 | D:5      | Found a snail-covered altar of Cheibriados.
  5919 | D:5      | Found a staircase to the Ecumenical Temple.
  5930 | Temple   | Entered the Ecumenical Temple
  6038 | Temple   | Became a worshipper of Warmaster Okawaru
  6100 | D:5      | Reached skill level 7 in Crossbows
  6482 | D:6      | Reached skill level 8 in Crossbows
  6677 | D:6      | Found Noiryaxu's Jewellery Shoppe.
  6698 | D:6      | Reached * piety under Okawaru
  6698 | D:6      | Reached skill level 9 in Crossbows
  6740 | D:6      | Reached XP level 9. HP: 59/59 MP: 9/9
  7810 | D:7      | Noticed Pikel
  7824 | D:7      | Killed Pikel
  7824 | D:7      | Reached skill level 5 in Invocations
  7842 | D:7      | Found a glowing golden altar of the Shining One.
  7876 | D:7      | Reached ** piety under Okawaru
  8493 | D:7      | Noticed a hippogriff
  8533 | D:7      | Reached XP level 10. HP: 22/66 MP: 11/14
  9455 | D:7      | Reached skill level 10 in Fighting
  9886 | D:7      | Found a shimmering altar of Xom.
  9895 | D:7      | Noticed Menkaure
  9903 | D:7      | Killed Menkaure
 10403 | D:8      | Found a hide-covered altar of Uskayaw.
 10453 | D:8      | Found a shattered altar of Ashenzari.
 10484 | D:8      | Reached skill level 10 in Crossbows
 10538 | D:8      | Found a shimmering altar of Xom.
 10555 | D:8      | Reached *** piety under Okawaru
 11064 | D:7      | Reached skill level 11 in Crossbows
 11285 | D:8      | Gained mutation: Your body sometimes deteriorates upon taking damage. [potion of mutation]
 11285 | D:8      | Gained mutation: You are robust. (+10% HP) [potion of mutation]
 11285 | D:8      | Gained mutation: You have sharp toenails. [potion of mutation]
 11575 | D:8      | Found a staircase to the Lair.
 11699 | Lair:1   | Entered Level 1 of the Lair of Beasts
 11699 | Lair:1   | Noticed a komodo dragon
 11708 | Lair:1   | Killed a komodo dragon
 11857 | D:8      | Received a gift from Okawaru
 11986 | Lair:1   | Reached skill level 12 in Crossbows
 11986 | Lair:1   | Reached XP level 11. HP: 65/79 MP: 15/15
 12101 | Lair:1   | Reached **** piety under Okawaru
 12176 | Lair:1   | Received a gift from Okawaru
 12236 | Lair:1   | Noticed Host24's ghost (journeyman KoHu)
 12340 | D:9      | Got a faintly glowing spear
 12364 | D:9      | Identified the +6 spear of Hirompan {pierce, Str+2 Int+4} (You found it on level 9 of the Dungeon)
 12700 | D:9      | Identified a scroll of acquirement
 12774 | D:9      | Reached skill level 13 in Crossbows
 13025 | D:9      | Noticed a hill giant
 13041 | D:10     | Entered Level 10 of the Dungeon
 13121 | D:10     | Got an ancient ring mail
 13143 | D:10     | Identified the +8 ring mail of Sastruk {Str-4 Dex+3 Slay+3 SInv} (You found it on level 10 of the Dungeon)
 13192 | D:10     | Got a fabulously ornate robe
 13219 | D:10     | Received a gift from Okawaru
 13486 | D:10     | Found a basalt altar of Yredelemnul.
 13635 | D:10     | Noticed a green ugly thing
 13813 | D:10     | Received a gift from Okawaru
 13871 | D:10     | Reached skill level 10 in Dodging
 15014 | Lair:1   | Reached skill level 14 in Crossbows
 15033 | Lair:1   | Reached ***** piety under Okawaru
 15581 | Lair:1   | Noticed a five-headed hydra
 15586 | Lair:1   | Reached XP level 12. HP: 77/84 MP: 8/16
 15592 | Lair:1   | Killed a five-headed hydra
 15592 | Lair:1   | Received a gift from Okawaru
 15592 | Lair:1   | Reached skill level 15 in Crossbows
 16259 | Lair:2   | Noticed a four-headed hydra
 16270 | Lair:2   | Killed a four-headed hydra
 16721 | Lair:2   | Noticed Fannar
 16735 | Lair:2   | Killed Fannar
 16735 | Lair:2   | Reached skill level 16 in Crossbows
 16794 | Lair:2   | Identified the +0 robe of Distant Worlds {MR+} (You found it on level 10 of the Dungeon)
 17315 | Lair:2   | Received a gift from Okawaru
 17761 | Lair:3   | Found a hole to the Spider Nest.
 17909 | Lair:3   | HP: 4/84 [blink frog (11)]
 18469 | Lair:3   | Received a gift from Okawaru
 18469 | Lair:3   | Reached skill level 17 in Crossbows
 18569 | Lair:3   | Received a gift from Okawaru
 18838 | Lair:3   | Noticed a four-headed hydra
 18944 | Lair:3   | Killed a four-headed hydra
 18944 | Lair:3   | Received a gift from Okawaru
 18944 | Lair:3   | Reached XP level 13. HP: 87/90 MP: 17/17
 18991 | Lair:3   | Reached skill level 18 in Crossbows
 19554 | Lair:4   | Found a staircase to the Shoals.
 19691 | Lair:4   | Received a gift from Okawaru
 20601 | Lair:4   | Reached ****** piety under Okawaru
 20744 | Lair:4   | Noticed a five-headed hydra
 20846 | Lair:4   | Received a gift from Okawaru
 21111 | Lair:4   | Received a gift from Okawaru
 21167 | Lair:4   | Killed a five-headed hydra
 22407 | Lair:6   | Entered Level 6 of the Lair of Beasts
 22414 | Lair:6   | Reached XP level 14. HP: 105/105 MP: 18/18
 22561 | Lair:6   | Received a gift from Okawaru
 22715 | Lair:1   | Killed Host24's ghost
 23049 | Lair:6   | Reached skill level 15 in Fighting
 23127 | Lair:6   | Found a large runed door.
 23137 | Lair:6   | Found a large runed door.
 23150 | Lair:6   | Received a gift from Okawaru
 24579 | Lair:6   | Found a viscous altar of Jiyva.
 24580 | Lair:6   | Found a staircase to the Slime Pits.
 24840 | Spider:1 | Entered Level 1 of the Spider Nest
 24973 | Shoals:1 | Entered Level 1 of the Shoals
 24973 | Shoals:1 | Noticed Donald
 24982 | Shoals:1 | Killed Donald
 25136 | Shoals:1 | Received a gift from Okawaru
 25343 | Shoals:1 | Reached XP level 15. HP: 21/113 MP: 19/21
 25517 | Shoals:1 | Received a gift from Okawaru
 25678 | Shoals:1 | Reached skill level 1 in Armour
 27310 | D:11     | Found a sparkling altar of Nemelex Xobeh.
 27787 | D:11     | Noticed Maurice
 27791 | D:11     | Killed Maurice
 27979 | D:12     | Received a gift from Okawaru
 28234 | D:11     | Received a gift from Okawaru
 28917 | D:12     | Reached skill level 15 in Dodging
 28977 | D:12     | Noticed Pelerin's ghost (journeyman MiFi)
 29185 | D:12     | Found a staircase to the Orcish Mines.
 29204 | Orc:1    | Entered Level 1 of the Orcish Mines
 29754 | Orc:2    | Entered Level 2 of the Orcish Mines
 30049 | Orc:2    | Found a roughly hewn altar of Beogh.
 30133 | Orc:2    | Found a staircase to the Elven Halls.
 30274 | Orc:2    | Noticed Saint Roka
 30503 | Orc:1    | Killed Saint Roka
 30503 | Orc:1    | Received a gift from Okawaru
 30503 | Orc:1    | Reached skill level 5 in Armour
 30679 | Orc:2    | Reached XP level 16. HP: 121/121 MP: 22/22
 31039 | Orc:2    | Found Naofaus's Distillery.
 31186 | Orc:2    | Found Tumaipru's Distillery.
 31712 | Orc:2    | Received a gift from Okawaru
 31751 | Orc:2    | Found Boumepn's Book Shop.
 31751 | Orc:2    | Found Noudgh's Antique Armour Boutique.
 31752 | Orc:2    | Found a one-way gate leading to the halls of Pandemonium.
 31817 | Elf:1    | Entered Level 1 of the Elven Halls
 32205 | Elf:1    | Received a gift from Okawaru
 32726 | Elf:1    | Received a gift from Okawaru
 32879 | Elf:1    | Received a gift from Okawaru
 32948 | Elf:1    | Reached XP level 17. HP: 130/130 MP: 23/23
 33652 | D:13     | Reached skill level 19 in Crossbows
 34055 | D:13     | Found a gate to the Vaults.
 35168 | D:14     | Reached skill level 20 in Crossbows
 35840 | D:14     | Lost mutation: You have sharp toenails. [potion of cure mutation]
 35840 | D:14     | Lost mutation: Your body sometimes deteriorates upon taking damage. [potion of cure mutation]
 35840 | D:14     | Lost mutation: You are robust. (+10% HP) [potion of cure mutation]
 35842 | D:15     | Entered Level 15 of the Dungeon
 36176 | D:15     | Received a gift from Okawaru
 36188 | D:15     | Got a pair of smoking gloves {god gift}
 36199 | D:15     | Identified the -1 pair of gloves of the Black Moon {*Corrode +Inv rC- SInv} (Okawaru gifted it to you on level 15 of the Dungeon)
 36320 | D:15     | Got a translucent wooden ring
 36322 | D:15     | Identified the ring of Ucuigad {rPois MP+9 Int+2 Stlth+} (You found it on level 15 of the Dungeon)
 36377 | D:15     | Found a blossoming altar of Fedhas.
 36655 | D:15     | Found an opulent altar of Gozag.
 37078 | D:15     | Reached skill level 21 in Crossbows
 37126 | D:15     | Found a staircase to the Depths.
 37774 | Shoals:2 | Found Paeddaca's Antique Weapon Shop.
 37864 | Shoals:2 | Reached XP level 18. HP: 125/125 MP: 24/24
 37993 | Shoals:2 | Got a spiked scale mail
 37994 | Shoals:2 | Identified the +1 scale mail of the Frog {rN+} (You found it on level 2 of the Shoals)
 38255 | Shoals:2 | You fall through a shaft!
 38255 | Shoals:3 | Noticed a kraken
 38283 | Shoals:3 | Noticed Mara
 38286 | Shoals:3 | Killed from afar by Mara

Skill      XL: |  1  2  3  4  5  6  7  8  9 10 11 12 13 14 15 16 17 18 |
---------------+-------------------------------------------------------+-----
Fighting       | 3 4 5 6 8 9 10 14 15 16 18 | 18.0
Crossbows      | 5 9 12 14 17 18 21 | 21.0
Dodging        | 3 4 5 8 10 13 15 16 17 | 17.0
Invocations    | 5 6 8 |  8.0
Armour         | 5 |  5.3
Stealth        | |  1.3

Action                   |  1- 3 |  4- 6 |  7- 9 | 10-12 | 13-15 | 16-18 || total
-------------------------+-------+-------+-------+-------+-------+-------++-------
Melee: Short sword       |    82 |   211 |   274 |     7 |       |       ||   574
       Hand crossbow     |       |     9 |       |       |       |       ||     9
       Falchion          |       |       |     4 |     8 |       |       ||    12
       Hand axe          |       |       |       |   270 |       |       ||   270
       Kick              |       |       |       |    13 |       |       ||    13
       Punch             |       |       |       |     1 |       |       ||     1
       Spear             |       |       |       |   352 |   929 |   671 ||  1952
       Dagger            |       |       |       |       |    20 |       ||    20
 Fire: Hand crossbow     |     6 |    50 |   162 |   234 |     1 |       ||   453
       Shortbow          |       |       |       |    10 |       |       ||    10
       Arbalest          |       |       |       |    84 |   779 |   684 ||  1547
Throw: Stone             |       |       |       |       |     1 |       ||     1
Invok: Heroism           |       |       |     1 |     9 |    14 |     4 ||    28
       Finesse           |       |       |       |     1 |     3 |     1 ||     5
  Use: Scroll            |       |     7 |     4 |     9 |     8 |     9 ||    37
       Potion            |       |     1 |     9 |     7 |     5 |     3 ||    25
 Stab: Sleeping          |     1 |     1 |     2 |     1 |     7 |     3 ||    15
       Distracted        |       |       |       |     1 |     3 |     2 ||     6
       Petrified         |       |       |       |       |     8 |       ||     8
  Eat: Chunk             |    10 |     8 |    15 |    33 |    44 |    25 ||   135
Armor: Leather armour    |    29 |    80 |    79 |    57 |       |       ||   245
       Ring mail         |       |       |       |   155 |   375 |   194 ||   724
Dodge: Dodged            |    97 |   246 |   365 |   855 |  1657 |  1123 ||  4343
       Rpst.: Falchion   |       |       |       |     8 |       |       ||     8
